 Dungeon Crawl Stone Soup version 0.20.0-15-g7f486f2 (webtiles) character file.

45 spacegravy the Digger (level 3, -2/19 HPs)
             Began as a Gargoyle Earth Elementalist on June 12, 2017.
             Slain by Natasha (6 damage)
             ... on level 2 of the Dungeon.
             The game lasted 00:07:25 (1375 turns).

spacegravy the Digger (Gargoyle Earth Elementalist) Turns: 1375, Time: 00:07:26

Health: -2/19      AC:  5    Str: 11    XL:     3   Next: 64%
Magic:  7/7        EV: 12    Int: 16    God:
Gold:   78         SH:  0    Dex: 10    Spells: 3/7 levels left

rFire    . . .     SeeInvis .   k - +0 whip
rCold    . . .     Gourm    .   (no shield)
rNeg     + . .     Faith    .   c - +0 robe
rPois    ∞         Spirit   .   (no helmet)
rElec    +         Reflect  .   (no cloak)
rCorr    .         Harm     .   (no gloves)
MR       .....                  (no boots)
Stlth    ++........             (no amulet)
Regen    0.1/turn               (no ring)
MPRegen  0.1/turn               (no ring)

@: no status effects
A: negative energy resistance 1, electricity resistance, unbreathing,
petrification resistance, rot immunity, AC +3
a: no special abilities


You were on level 2 of the Dungeon.
You were not hungry.

You visited 1 branch of the dungeon, and saw 2 of its levels.

You collected 78 gold pieces.


Innate Abilities, Weirdness & Mutations

You are resistant to torment.
Your stone body is resilient. (AC +3)
You are immune to poison.
You resist negative energy. (rN+)
You are resistant to electric shocks. (rElec)
You can survive without breathing.
You are immune to petrification.
You are immune to rotting.


   Skills:
 - Level 1.5 Dodging
 - Level 2.1 Stealth
 + Level 2.7 Spellcasting
 + Level 0.0 Conjurations
   Level 0.7 Transmutations
 + Level 4.7 Earth Magic


You had 3 spell levels left.
You knew the following spells:

 Your Spells              Type           Power        Failure   Level  Hunger
x - Stone Arrow           Conj/Erth      #.....       22%         3    ###....
z - Sandblast             Erth           ###...       2%          1    #......

Inventory:

Hand Weapons
 k - a +0 whip (weapon)
Missiles
 b - 17 stones (quivered)
Armour
 c - a +0 robe (worn)
Scrolls
 g - a scroll of amnesia {unknown}
 i - a scroll of identify {unknown}
Potions
 a - a potion of curing {unknown}
 f - a potion of mutation {unknown}
Books
 e - a book of Geomancy

   Spells                             Type                      Level
   a - Sandblast                      Earth                        1
   b - Passwall                       Transmutation/Earth          2
   c - Stone Arrow                    Conjuration/Earth            3
   d - Petrify                        Transmutation/Earth          4
   e - Lee's Rapid Deconstruction     Earth                        5
Comestibles
 d - 3 bread rations
 h - 4 chunks of flesh

Dungeon Overview and Level Annotations

Branches:
Dungeon (2/15)

Altars:

Annotations:
D:1 1 runed door
D:2 Natasha

......▒▒.▒▒▒▒▒▒▒▒▒▒▒▒▒▒
▒.▒.▒▒▒▒...............
..▒.▒▒▒▒▒▒▒▒▒▒▒.▒▒▒▒▒▒
▒▒▒........▒▒▒▒.▒ ▒
▒▒▒▒........▒.▒ ▒
▒.▒▒▒.▒▒.▒.▒▒ ▒ ▒.▒
▒▒....▒▒▒▒ ▒ ▒.▒
▒..▒....▒ ▒ ▒.▒
▒...8.▒.▒ ▒ ▒.▒
▒.....h..▒ ▒
▒.▒▒▒.......▒..▒ ▒▒
▒...▒▒▒.........▒ .▒
▒▒▒.▒ ▒▒..........
.▒▒▒▒▒▒▒.▒▒▒▒▒..........
..<...................(.
.▒▒▒▒▒▒▒..▒▒▒▒▒▒...▒▒▒▒▒
.▒ ▒..▒


You could see Natasha.


Message History

Aim: Natasha (lightly wounded)
You throw a stone.
The stone hits Natasha but does no damage.
Natasha is lightly wounded.
Natasha casts a spell at you. You resist with significant effort.
Throwing (i - inventory):
b - 21 stones (quivered)
Aim: Natasha (lightly wounded)
You throw a stone.
The stone hits Natasha but does no damage.
Natasha is lightly wounded.
Natasha stares at you and mumbles some strange words.
The magic dart hits you!
* * * LOW HITPOINT WARNING * * *
Throwing (i - inventory):
b - 20 stones (quivered)
Aim: Natasha (lightly wounded)
You throw a stone.
The stone hits Natasha but does no damage.
Natasha is lightly wounded.
Natasha barely misses you.
Throwing (i - inventory):
b - 19 stones (quivered)
Aim: Natasha (lightly wounded)
You throw a stone. The stone closely misses Natasha.
Natasha stares at you and mumbles some strange words.
The magic dart hits you!
* * * LOW HITPOINT WARNING * * *
Throwing (i - inventory):
b - 18 stones (quivered)
Aim: Natasha (lightly wounded)
You throw a stone. The stone closely misses Natasha.
Natasha claws you.
You die...

Action                   || total
-------------------------++-------
Melee: Club              ||    62
       Whip              ||    30
       Dagger            ||    20
Throw: Stone             ||     8
 Cast: Sandblast         ||    16
 Stab: Sleeping          ||     5
  Eat: Chunk             ||     2
Armor: Robe              ||    39
Dodge: Dodged            ||    85

Vault maps used:
D:1:      dpeg_arrival_caged_fury
D:2:      first_bread, kennysheep_generic_room_5, uniq_natasha

Notes
Turn   | Place    | Note
-------+----------+-------------------------------------------
     0 | D:1      | spacegravy the Gargoyle Earth Elementalist began the quest for the Orb.
     0 | D:1      | Reached XP level 1. HP: 10/10 MP: 3/3
     1 | D:1      | Found a runed door.
    89 | D:1      | Reached skill level 4 in Earth Magic
    89 | D:1      | Reached XP level 2. HP: 14/15 MP: 3/5
   529 | D:1      | Reached XP level 3. HP: 14/19 MP: 6/6
  1134 | D:1      | Learned a level 3 spell: Stone Arrow
  1365 | D:2      | Noticed Natasha
  1375 | D:2      | Slain by Natasha

Vanquished Creatures
  A gnoll (D:1)
  2 giant cockroaches (D:1)
  3 goblins
  8 hobgoblins
  3 jackals (D:2)
  3 kobolds (D:1)
  A ball python (D:1)
  3 bats (D:1)
  3 frilled lizards
  6 rats
33 creatures vanquished.
